 Dungeon Crawl Stone Soup version 0.16-a0-3695-ga3e2ed8 (webtiles) character file.

59 JamesBald the Skirmisher (level 3, -1/33 HPs)
             Began as a Draconian Berserker on Jan 18, 2015.
             Was a Believer of Trog.
             Killed from afar by Sigmund (6 damage)
             ... with a magic dart
             ... on level 3 of the Dungeon.
             The game lasted 00:14:50 (2509 turns).

JamesBald the Skirmisher (Draconian Berserker)      Turns: 2509, Time: 00:14:51

Health: -1/33      AC:  5    Str: 19    XL:     3   Next: 78%
Magic:  3/3        EV: 13    Int:  7    God:    Trog [**....]
Gold:   143        SH:  0    Dex: 11    Spells: 0 memorised, 2 levels left

rFire  . . .     SeeInvis .     a - +0 spear
rCold  . . .     Clarity  +     (armour unavailable)
rNeg   . . .     SustAb   .     (no shield)
rPois  .         Gourm    .     (helmet restricted)
rElec  .         Spirit   .     (no cloak)
rCorr  .         Warding  .     (no gloves)
rMut   .         Stasis   .     (no boots)
MR     .....                    (no amulet)
Stlth  +.........               (no ring)
                                (no ring)

@: not resistant to hostile enchantments, very unstealthy
A: unfitting armour, stinger 1, clarity, cold-blooded, AC +5
a: Burn Spellbooks, Berserk, Trog's Hand, Renounce Religion


You were on level 3 of the Dungeon.
You worshipped Trog.
Trog was pleased with you.
You were not hungry.

You visited 1 branch of the dungeon, and saw 3 of its levels.

You collected 143 gold pieces.

Inventory:

Hand weapons
 a - a +0 spear (weapon)
 m - a cursed -1 blowgun
 n - a +0 club
Missiles
 o - 17 poisoned needles
Armour
 b - a +0 robe
 d - a +0 ring mail
 e - a cursed -1 robe
 f - a +0 chain mail
 i - a cursed +0 naga barding
Scrolls
 h - a scroll of remove curse
Potions
 g - a potion of curing {unknown}
 l - a potion of agility {unknown}
Comestibles
 c - a bread ration
 j - 4 fruits
 k - a beef jerky


   Skills:
 + Level 3.8 Fighting
 + Level 3.6 Polearms
 + Level 3.3 Dodging
 + Level 1.0 Stealth


You had 2 spell levels left.
You didn't know any spells.

Dungeon Overview and Level Annotations

Branches:
Dungeon (3/15)

Altars:
Sif Muna
Vehumet
Xom
Zin

Annotations:
D:3 Sigmund


Innate Abilities, Weirdness & Mutations

Your plain brown scales are hard (AC +5).
Your body does not fit into most forms of armour.
Your cold-blooded metabolism reacts poorly to cold.
Your tail ends in a poisonous barb.
You possess an exceptional clarity of mind.


Message History

Sigmund gestures at you while chanting. You resist with significant effort.
Sigmund says, "Look into my eyes."
Sigmund barely misses you. Sigmund completely misses you.
Sigmund asks, "Do you like me?" Sigmund gestures at you while chanting.
The puff of flame misses you.
Sigmund gestures wildly while chanting.
Sigmund flickers and vanishes!
Deactivating autopickup; reactivate with Ctrl-A.
Something barely misses you. Something hits you!
* * * LOW HITPOINT WARNING * * *
The magic dart hits you!
* * * LOW HITPOINT WARNING * * *
The magic dart hits you!
Something tries to affect you, but you resist.
The magic dart hits you!
You die...

..>..... #....................
...##### #....................
...# #.................... ####
#................#### #
#..................#
#############......(...........#
...........##........#####.....#
.....(.....##........# #.....#
..(........##...@....#####.....#
..)........##............#.....##
...........##............#.......
.......######............#......#
.......######............#......#
.........................#.....##
#####)...................#.....#
#.........####...........###
#.........# #...........####


There were no monsters in sight!

Vanquished Creatures
  2 adders (D:2)
  A worm (D:3)
  5 bats
  2 giant cockroaches
  3 hobgoblins
  3 jackals (D:3)
  A ball python (D:3)
  4 giant newts
  4 goblins
  10 kobolds
  4 rats
39 creatures vanquished.

Notes
Turn   | Place    | Note
--------------------------------------------------------------
     0 | D:1      | JamesBald, the Draconian Berserker, began the quest for the Orb.
     0 | D:1      | Reached XP level 1. HP: 19/19 MP: 1/1
   365 | D:1      | Reached XP level 2. HP: 4/26 MP: 2/2
   512 | D:1      | Gained mutation: Your tail ends in a poisonous barb. [potion of beneficial mutation]
   976 | D:2      | Found a radiant altar of Vehumet.
  1078 | D:2      | Reached XP level 3. HP: 26/31 MP: 3/3
  1930 | D:3      | Acquired Trog's second power
  2036 | D:3      | Found a deep blue altar of Sif Muna.
  2066 | D:3      | Gained mutation: You possess an exceptional clarity of mind. [potion of beneficial mutation]
  2159 | D:3      | Found a glowing silver altar of Zin.
  2259 | D:3      | Found a shimmering altar of Xom.
  2458 | D:3      | Reached skill level 1 in Stealth
  2460 | D:3      | Noticed Sigmund
  2509 | D:3      | Killed from afar by Sigmund

Action                   || total
-------------------------++-------
Melee: Spear             ||   149
  Use: Potion            ||     5
       Scroll            ||     4
  Eat: Bread ration      ||     2
